 Dungeon Sprint DCSS version 0.30-a0-43-gbbf338a72c (webtiles) character file.

Game seed: 7516250749944211893

2 Zeldest the Charlatan (level 1, 0/16 HPs)
             Began as a Mummy Artificer on Sept 1, 2022.
             Slain by a kobold
             ... wielding a +0 dagger
              (3 damage)
             ... in the Dungeon (Sprint IX: "|||||||||||||||||||||||||||||").
             The game lasted 00:00:21 (22 turns).

Zeldest the Charlatan (Mummy Artificer)               Turns: 22, Time: 00:00:22

Health: 0/16       AC:  3    Str: 15    XL:     1   Next: 33%
Magic:  1/1        EV: 11    Int: 10    God:
Gold:   0          SH:  0    Dex: 12    Spells: 0/0 levels left

rFire   x . .      SeeInvis .    a - +0 club
rCold   + . .      Faith    .    (no shield)
rNeg    + + +      Spirit   .    b - +0 leather armour
rPois   ∞          Reflect  .    (no helmet)
rElec   .          Harm     .    (no cloak)
rCorr   .          Rampage  .    (no gloves)
Will    .....      NoTele   +    (no boots)
Stlth   +.........               (no amulet)
HPRegen 0.05/turn                (no ring)
MPRegen 0.07/turn                (no ring)

@: no status effects
A: cold resistance 1, negative energy resistance 3, torment resistance 2, heat
vulnerability 1, no potions
a: no special abilities


You were in the Dungeon.
You visited 1 branch

Inventory:

Hand Weapons
 a - a +0 club (weapon)
Armour
 b - a +0 leather armour (worn)
Wands
 c - a wand of flame (15) (quivered)
 d - a wand of charming (15)
 e - a wand of iceblast (5)
Scrolls
 f - a scroll of blinking


   Skills:
 + Level 1.8 Fighting
 - Level 1.5 Armour
 - Level 0.7 Dodging
 - Level 0.7 Stealth
 + Level 1.1 Invocations
 + Level 2.7 Evocations


You couldn't memorise any spells.
You didn't know any spells.
Your spell library was empty.

Dungeon Overview and Level Annotations

Branches:
Dungeon (1/1)

Altars:


Innate Abilities, Weirdness & Mutations

You are immune to poison.
Your flesh is cold resistant. (rC+)
You are immune to negative energy. (rN+++)
You are immune to unholy pain and torment.
You are vulnerable to heat. (rF-)
You do not drink.


Message History

The endoplasm is moderately wounded.
The endoplasm freezes you.
You are frozen.
You resist.
You barely miss the endoplasm.
The endoplasm is moderately wounded.
The endoplasm hits you.
You hit the endoplasm.
The endoplasm is heavily wounded.
The endoplasm freezes you.
You are frozen.
You resist.
You hit the endoplasm but do no damage.
The endoplasm is heavily wounded.
The endoplasm barely misses you.
You barely miss the endoplasm.
The endoplasm is heavily wounded.
The endoplasm freezes you.
You are frozen.
You resist.
You hit the endoplasm.
The endoplasm is severely wounded.
The endoplasm closely misses you.
You see here a +0 club.
a - a +0 club (weapon)
You hit the endoplasm but do no damage.
The endoplasm is heavily wounded.
The endoplasm freezes you.
You are frozen.
You resist.
You hit the endoplasm.
The endoplasm is severely wounded.
The endoplasm freezes you.
You are frozen.
You resist. The endoplasm hits you.
You hit the endoplasm.
You kill the endoplasm!
Your Invocations skill increases to level 1!
You hit the kobold but do no damage. The kobold closely misses you.
You barely miss the kobold. The kobold hits you with a +0 dagger.
* * * LOW HITPOINT WARNING * * *
The kobold hits you with a +0 dagger.
* * * LOW HITPOINT WARNING * * *
You closely miss the kobold. The kobold hits you with a +0 dagger.
You die... ▓▓▓▓▓▓▓▓▓▓▓▓ +....rbK@.<▓ ▓▓▓▓▓▓▓▓▓▓▓▓

You could see a bat, a kobold and a rat.

Vanquished Creatures
  An endoplasm (D)
  A hobgoblin (D)
2 creatures vanquished.

Notes
Turn   | Place    | Note
-------+----------+-------------------------------------------
     0 | D        | Zeldest the Mummy Artificer began the quest for the Orb.
     0 | D        | Reached XP level 1. HP: 15/15 MP: 1/1
    20 | D        | Reached skill level 1 in Invocations
    22 | D        | Slain by a kobold

Illustrated notes

Levels and vault maps discovered:
D:        linesprint [early_d, line_temple, items_1, d_10, items_2, lair_1,
          lair_end, items_3, orc_1, orc_end, items_4, d_15, swamp_1, shoals_1,
          snake_1, spider_1, d_20, vaults_1, items_5, swamp_end, shoals_end,
          snake_end, spider_end, vaults_end, d_27, items_6, zot_1, zot_end,
          crypt_end, forest_end, elf_end, slime_end, tomb_end, abyss_end,
          pan_hell_end]

Skill      XL: |  1 |
---------------+----+-----
Invocations    | 1 |  1.1
Fighting       | |  1.8
Armour         | |  1.5
Dodging        | |  0.7
Stealth        | |  0.7
Evocations     | |  2.7

Action                   || total
-------------------------++-------
Melee: Unarmed           ||    10
       Club              ||     6
Armor: Leather armour    ||     1
Dodge: Dodged            ||     3

Table legend: (Time is in decaauts)
 A = Elapsed time spent in this place.
 B = Non-inter-level travel time spent in this place.
 C = Inter-level travel time spent in this place.
 D = Time resting spent in this place.
 E = Time spent auto-exploring this place.
 F = Levels seen in this place.
 G = Mean time per level.
                   A        B        C        D        E       F      G
               +--------+--------+--------+--------+--------+-----+--------+
         Total |     23 |     23 |      0 |      0 |      0 |   1 |   23.0 |
       Dungeon |     23 |     23 |      0 |      0 |      0 |   1 |   23.0 |
               +--------+--------+--------+--------+--------+-----+--------+

Top non-repeatable levels by time:
       D: 23 daAuts
